Map: Dusk Towers

Players

HuK

  • Race: Protoss Protoss
  • League: Grandmaster

Pokebunny - Winner!

  • Race: Terran Terran
  • League: Grandmaster

VOD

Have the link to the VOD?

Description

Time

  • Played on: April 4, 2016, 10:04 p.m.
  • Length: 7:35
Show
View Real Time Build Order
Export as new Build Order

HuK Protoss 

Build Orders: 1 Gate Expand, Blink Stalkers 

Get SALT Encoding   

  12  0:01  Probe (Chrono Boost)  
  13  0:11  Probe (Chrono Boost)  
  14  0:21  Pylon  
  14  0:22  Probe (Chrono Boost)  
  15  0:39  Probe (Chrono Boost), Gateway  
  15  0:42  Assimilator  
  16  0:49  Probe (Chrono Boost)  
  17  1:00  Probe (Chrono Boost)  
  18  1:10  Probe (Chrono Boost)  
  19  1:21  Probe (Chrono Boost)  
  20  1:26  Cybernetics Core  
  20  1:32  Probe (Chrono Boost)  
  21  1:35  Nexus  
  21  1:42  Pylon  
  21  1:43  Probe (Chrono Boost)  
  22  1:47  Assimilator  
  22  1:53  Probe (Chrono Boost)  
  23  2:03  Warp Gate (Chrono Boost)  
  23  2:04  Probe  
  23  2:07  Stalker (Chrono Boost)  
  26  2:16  Probe  
  27  2:26  Gateway  
  27  2:28  Probe (Chrono Boost)  
  28  2:34  Twilight Council  
  28  2:39  Probe (Chrono Boost)  
  30  2:52  Mothership Core (Chrono Boost)  
  30  2:55  Gateway, Probe (Chrono Boost)  
  32  3:03  Blink (Chrono Boost)  
  32  3:05  Probe (Chrono Boost)  
  32  3:10  Probe (Chrono Boost)  
  34  3:15  Probe  
  35  3:22  Probe  
  35  3:24  Pylon  
  35  3:25  Probe  
  36  3:32  Robotics Facility  
  37  3:34  Probe  
  37  3:37  Probe  
  39  3:42  Assimilator  
  39  3:46  Assimilator  
  39  3:47  Probe (Chrono Boost)  
  40  3:49  Pylon  
  40  3:50  Probe (Chrono Boost)  
  41  3:58  Probe (Chrono Boost)  
  43  4:03  Probe (Chrono Boost)  
  43  4:04  Stalker x2  
  43  4:05  Stalker  
  43  4:09  Probe (Chrono Boost)  
  44  4:20  Probe (Chrono Boost)  
  44  4:21  Observer (Chrono Boost)  
  44  4:22  Probe  
  45  4:31  Probe  
  45  4:34  Assimilator  
  45  4:35  Probe  
  47  4:43  Observer (Chrono Boost)  
  47  4:44  Probe  
  49  4:48  Probe (Chrono Boost)  
  49  4:50  Stalker x2  
  53  4:56  Probe (Chrono Boost)  
  53  4:59  Probe (Chrono Boost)  
  55  5:00  Sentry  
  55  5:06  Probe (Chrono Boost)  
  58  5:10  Probe (Chrono Boost)  
  58  5:11  Pylon  
  59  5:17  Probe (Chrono Boost)  
  59  5:20  Probe (Chrono Boost)  
  61  5:23  Observer  
  62  5:29  Nexus  
  62  5:31  Sentry x2  
  66  5:47  Immortal (Chrono Boost)  
  64  5:57  Stalker x3  
  69  6:12  Gateway x2  
  69  6:14  Gateway  
  57  6:35  Pylon  
  57  6:37  Pylon  
  57  6:39  Pylon, Probe  
  55  6:41  Pylon  
  55  6:43  Stalker  
  62  6:50  Mothership Core  
  52  7:16  Zealot x3  
  35  7:30  Cybernetics Core  
Show
View Real Time Build Order
Export as new Build Order

Pokebunny Terran - Winner!

Build Orders: 1/1/1, Liberator Opening 

Get SALT Encoding   

  12  0:00  SCV  
  13  0:13  SCV  
  14  0:17  Supply Depot  
  14  0:25  SCV  
  15  0:31  Refinery  
  15  0:39  SCV  
  16  0:44  Barracks  
  16  0:51  SCV  
  17  1:03  SCV  
  18  1:15  SCV  
  19  1:27  Refinery  
  19  1:32  Factory, Orbital Command, Marine  
  20  1:38  Supply Depot  
  20  1:50  Marine  
  21  1:58  SCV  
  22  2:08  Barracks Reactor  
  22  2:10  SCV  
  23  2:16  Hellion  
  23  2:17  Starport  
  23  2:20  Supply Depot  
  25  2:23  SCV  
  26  2:36  SCV  
  27  2:37  Widow Mine  
  27  2:44  Marine x2  
  29  2:48  SCV  
  29  2:50  Supply Depot  
  32  2:54  Medivac  
  34  3:01  Marine  
  34  3:02  Marine, SCV  
  37  3:07  Factory Tech Lab  
  37  3:15  Barracks  
  37  3:18  Liberator  
  37  3:19  Barracks  
  37  3:28  Siege Tank  
  40  3:41  Supply Depot  
  43  3:44  Marine  
  43  3:45  Marine  
  45  4:02  Marine  
  46  4:03  Marine  
  46  4:09  Marine x2  
  49  4:14  Siege Tank  
  52  4:23  Marine x2  
  47  4:29  Supply Depot  
  47  4:31  Marine x2, Medivac  
  48  4:41  Marine x2  
  48  4:44  Liberator  
  50  4:46  Siege Tank  
  53  4:53  Marine  
  53  4:54  Marine  
  53  4:59  Marine  
  57  5:07  Supply Depot  
  57  5:11  Marine x2  
  59  5:15  Marine  
  60  5:24  Siege Tank  
  63  5:29  Marine  
  63  5:35  Supply Depot  
  59  5:44  Marine x2  
  59  5:45  Marine  
  59  5:46  Marine  
  57  5:59  Siege Tank  
  59  6:10  Marine x2  
  59  6:11  Marine x2  
  63  6:28  Marine  
  63  6:31  Marine x3  
  60  6:36  Siege Tank  
  60  6:37  Medivac  
  65  6:46  Marine  
  66  6:56  Marine  
  66  6:57  Marine x2  
  69  7:04  Marine  
  70  7:14  Marine  
  70  7:15  Marine  
Tags
 
Add a new tag
Caveats
  • Supply blocks, unpowered buildings, or Contaminate may cause inaccurate times.
  • Supply counts are checked every 10 seconds.